 Dungeon Crawl Stone Soup version 0.24.0 (webtiles) character file.

Game seed: 6368306612983751948, levelgen mode: deterministic

5378 Buxparty the Carver (level 10, 0/91 HPs)
             Began as a Minotaur Fighter on Mar 20, 2020.
             Was a Priest of Makhleb.
             Succumbed to a hornet's poison
             ... on level 9 of the Dungeon.
             The game lasted 00:21:17 (10385 turns).

Buxparty the Carver (Minotaur Fighter)             Turns: 10385, Time: 00:21:17

Health: 0/91       AC: 16    Str: 24    XL:     10   Next: 39%
Magic:  9/9        EV:  8    Int:  5    God:    Makhleb [***...]
Gold:   666        SH: 12    Dex: 10    Spells: 9/9 levels left

rFire    . . .     SeeInvis .   a - +0 long sword
rCold    . . .     Gourm    +   c - +1 shield
rNeg     . . .     Faith    .   b - +0 scale mail
rPois    .         Spirit   .   (helmet restricted)
rElec    .         Reflect  .   A - +0 cloak
rCorr    +         Harm     .   n - +2 pair of gloves {archery}
MR       .....                  (no boots)
Stlth    ..........             h - amulet of the gourmand
HPRegen  0.25/turn              q - ring of resist corrosion
MPRegen  0.11/turn              B - +3 ring of protection

@: lethally poisoned (0 -> -23), hasted, very quick
A: retaliatory headbutt, horns 2
a: Minor Destruction, Lesser Servant of Makhleb, Renounce Religion


You were on level 9 of the Dungeon.
You worshipped Makhleb.
Makhleb was most pleased with you.
You were very full.

You visited 2 branches of the dungeon, and saw 10 of its levels.
You also visited: Ossuary.

You collected 666 gold pieces.

Inventory:

Hand Weapons
 a - a +0 long sword (weapon)
Missiles
 l - 4 curare-tipped darts (quivered)
Armour
 b - a +0 scale mail (worn)
 c - a +1 shield (worn)
 k - a +0 helmet
 n - a +2 pair of gloves of archery (worn)
 A - a +0 cloak (worn)
Jewellery
 e - an uncursed amulet of faith
 h - an amulet of the gourmand (around neck)
 q - a ring of resist corrosion (left hand)
 x - an uncursed amulet of rage
 B - a +3 ring of protection (right hand)
Wands
 s - a wand of polymorph (7)
 u - a wand of flame (26)
 y - a wand of paralysis (7)
 z - a wand of iceblast (11)
Scrolls
 g - 5 scrolls of remove curse
 o - 8 scrolls of identify
 p - 5 scrolls of teleportation
 r - 3 scrolls of amnesia
 t - a scroll of noise {unknown}
 v - a scroll of fear
Potions
 d - a potion of might
 j - a potion of resistance
 m - 4 potions of haste
 w - a potion of brilliance
Comestibles
 f - 17 rations


   Skills:
 + Level 9.1 Fighting
 * Level 11.7 Long Blades
 + Level 9.1 Armour
 + Level 9.1 Shields


You had 9 spell levels left.
You didn't know any spells.
Your spell library contained the following spells:

 Spells                   Type           Power        Failure   Level  Hunger
 Freeze                   Ice            #...         94%         1    ##.....
 Magic Dart               Conj           #...         94%         1    ##.....
 Summon Small Mammal      Summ           #...         94%         1    ##.....
 Call Imp                 Summ           #.......     98%         2    ###....
 Searing Ray              Conj           #.....       98%         2    ###....
 Throw Frost              Conj/Ice       #.....       98%         2    ###....
 Call Canine Familiar     Summ           #.......     100%        3    ####...
 Dazzling Spray           Conj/Hex       #.....       100%        3    ####...
 Ozocubu's Armour         Chrm/Ice       #.......     100%        3    ####...
 Summon Guardian Golem    Hex/Summ       #.......     100%        3    ####...
 Force Lance              Conj/Tloc      #.......     100%        4    #####..
 Fulminant Prism          Conj/Hex       #.........   100%        4    #####..
 Iskenderun's Mystic Bla  Conj           #.......     100%        4    #####..
 Summon Ice Beast         Ice/Summ       #.......     100%        4    #####..
 Summon Lightning Spire   Summ/Air       #.......     100%        4    #####..
 Throw Icicle             Conj/Ice       #.......     100%        4    #####..
 Bolt of Magma            Conj/Fire/Erth #.........   100%        5    ######.
 Iskenderun's Battlesphe  Conj/Chrm      #.......     100%        5    ######.
 Venom Bolt               Conj/Pois      #.........   100%        5    ######.
 Iron Shot                Conj/Erth      #.........   100%        6    #######
 Orb of Destruction       Conj           #.........   100%        7    #######
 Spellforged Servitor     Conj/Summ      #.........   100%        7    #######


Dungeon Overview and Level Annotations

Branches:
Dungeon (9/15)             Temple (1/1) D:4         Ossuary (visited)
   Lair: D:8-11         Orc: D:9-12

Altars:
Ashenzari
Cheibriados
Dithmenos
Elyvilon
Fedhas
Gozag
Hepliaklqana
Kikubaaqudgha
Makhleb
Nemelex Xobeh
Okawaru
Qazlal
Ru
Sif Muna
Trog
Uskayaw
Vehumet
Wu Jian
Xom
Yredelemnul
Zin
The Shining One

Shops:
D:7 }


Innate Abilities, Weirdness & Mutations

You reflexively headbutt those who attack you in melee.
You have a pair of horns on your head.


Message History

You feel yourself speed up.
* * * LOW HITPOINT WARNING * * *
You feel very sick. The hornet barely misses you.
You riposte.
You closely miss the hornet. You headbutt the hornet!
The hornet is moderately wounded.
The hornet barely misses you.
Okay, then.
Okay, then.
You hit the hornet but do no damage.
The hornet is moderately wounded.
* * * LOW HITPOINT WARNING * * *
You feel sick. The hornet barely misses you.
You hit the hornet.
The hornet is heavily wounded.
* * * LOW HITPOINT WARNING * * *
You feel sick. You block the hornet's attack.
You hit the hornet but do no damage.
The hornet is heavily wounded.
You die...

..............#
.............#
##..........#
#..........#
#..........#
#....#######
#....#.#.#
#....##†#
#....@y#.#
#.##.##.#y# #.
#.# #### #. ###


You could see a hornet.

Vanquished Creatures
  A gargoyle (D:9)
  4 hornets
  A wyvern (D:8)
  Menkaure (D:4)
  Duvessa (D:4)
  2 orc warriors
  4 ice beasts
  A sky beast (D:5)
  6 ogres
  2 centaurs
  A crocodile (D:9)
  Blork the orc (D:6)
  6 bullfrogs
  Dowan (D:4)
  4 scorpions
  2 killer bees (D:7)
  5 howler monkeys
  2 crimson imps
  3 centaur zombies
  4 orc priests
  6 orc wizards
  5 hounds
  4 jellies
  A human zombie (Ossuary)
  3 bullfrog zombies
  2 bullfrog skeletons
  An iguana (D:5)
  10 worker ants
  2 big kobold zombies (Ossuary)
  A worker ant zombie (D:5)
  2 mummies (Ossuary)
  7 gnolls
  9 adders
  3 shadow imps
  2 adder skeletons (D:8)
  5 worms
  3 leopard geckos
  30 orcs
  5 giant cockroaches
  3 gnoll zombies
  5 goblins
  4 hobgoblins
  14 jackals
  9 kobolds
  4 quokkas
  3 ball pythons
  A ball python zombie (D:5)
  6 bats
  6 frilled lizards
  2 goblin zombies (Ossuary)
  5 hobgoblin zombies (Ossuary)
  2 orc zombies (Ossuary)
  2 quokka skeletons
  A quokka zombie (D:5)
  2 rats
222 creatures vanquished.

Notes
Turn   | Place    | Note
-------+----------+-------------------------------------------
     0 | D:1      | Buxparty the Minotaur Fighter began the quest for the Orb.
     0 | D:1      | Reached XP level 1. HP: 19/19 MP: 0/0
   393 | D:1      | Reached XP level 2. HP: 27/27 MP: 1/1
   654 | D:2      | Reached skill level 3 in Long Blades
   802 | D:2      | Reached XP level 3. HP: 31/33 MP: 2/2
  1027 | D:2      | Reached XP level 4. HP: 29/40 MP: 3/3
  1148 | D:2      | Found a radiant altar of Vehumet.
  1149 | D:2      | Found a bloodstained altar of Trog.
  1151 | D:2      | Found a sparkling altar of Nemelex Xobeh.
  1151 | D:2      | Found a shimmering blue altar of Sif Muna.
  1529 | D:3      | Reached skill level 4 in Long Blades
  1598 | D:3      | Reached XP level 5. HP: 5/47 MP: 4/4
  2818 | D:3      | Reached skill level 5 in Long Blades
  2858 | D:4      | Found a sand-covered staircase.
  2863 | Ossuary  | Entered an ossuary
  2979 | Ossuary  | Reached skill level 5 in Shields
  2979 | Ossuary  | Reached XP level 6. HP: 46/55 MP: 5/5
  2990 | Ossuary  | Reached skill level 5 in Fighting
  3243 | Ossuary  | Reached skill level 5 in Armour
  4135 | D:4      | Reached skill level 6 in Long Blades
  4200 | D:4      | Reached XP level 7. HP: 58/61 MP: 6/6
  4300 | D:4      | Found a sacrificial altar of Ru.
  4478 | D:4      | Found a staircase to the Ecumenical Temple.
  4529 | Temple   | Entered the Ecumenical Temple
  4590 | Temple   | Became a worshipper of Makhleb the Destroyer
  4829 | D:4      | Noticed Menkaure
  4833 | D:4      | Killed Menkaure
  5096 | D:4      | Noticed Duvessa
  5096 | D:4      | Noticed Dowan
  5106 | D:4      | Killed Duvessa
  5573 | D:4      | Reached skill level 7 in Long Blades
  5795 | D:4      | Killed Dowan
  5868 | D:5      | Entered Level 5 of the Dungeon
  5942 | D:5      | Reached XP level 8. HP: 62/70 MP: 7/7
  6004 | D:5      | Reached * piety under Makhleb
  6221 | D:5      | Reached skill level 8 in Long Blades
  6348 | D:5      | Found a shattered altar of Ashenzari.
  6760 | D:5      | Reached skill level 9 in Long Blades
  6869 | D:6      | Found a white marble altar of Elyvilon.
  6898 | D:6      | Reached XP level 9. HP: 79/79 MP: 8/8
  6928 | D:6      | Reached ** piety under Makhleb
  7363 | D:6      | Noticed Blork the orc
  7384 | D:6      | Killed Blork the orc
  7490 | D:6      | Found a shimmering blue altar of Sif Muna.
  8105 | D:7      | Found a basalt altar of Yredelemnul.
  8182 | D:7      | Reached skill level 10 in Long Blades
  8247 | D:7      | Found a hazy altar of Hepliaklqana.
  8353 | D:7      | Found Atha's Gadget Shoppe.
  9637 | D:8      | Reached *** piety under Makhleb
  9829 | D:9      | Noticed a gargoyle
  9839 | D:9      | Killed a gargoyle
  9839 | D:9      | Reached skill level 11 in Long Blades
  9839 | D:9      | Reached XP level 10. HP: 90/90 MP: 9/9
 10058 | D:9      | Paralysed by a hornet for 1 turns
 10368 | D:9      | Paralysed by a hornet for 1 turns
 10380 | D:9      | Paralysed by a hornet for 1 turns
 10382 | D:9      | HP: 3/91 [poisoned by a hornet]
 10385 | D:9      | Succumbed to a hornet's poison

Levels and vault maps discovered:
D:1:      matt_arrival_refuge, layout_basic, serial_corexii_hall,
          corexii_hall_statues_deadend, corexii_hall_statues_x
D:2:      layout_loops_ring, chequers_temple_overflow_statue_of_worship,
          first_ration
D:3:      layout_loops_corners
D:4:      layout_loops_ring, nicolae_ru_the_path_less_chosen,
          minmay_temple_entry_antechambers, enter_ossuary_2, kennysheep_path_1,
          uniq_menkaure, uniq_duvessa
D:5:      minmay_thinvault, layout_rooms, kennysheep_mini
D:6:      layout_loops_ring, basic_altar, tgw_sif
D:7:      layout_cave_pods, lemuel_zombie_altar_yredelemnul, serial_shops,
          nicolae_shop_statue_plus, basic_altar
D:8:      layout_layer_cave
D:9:      layout_long_grid, serial_shops, nicolae_shop_crystal,
          hangedman_pestilent_swarm
Temple:   regret_index_temple_generic_petals
